 Dungeon Crawl Stone Soup version 0.21.0-3-g78d12a8bdd (webtiles) character file.

312 Jannitor the Poker (level 6, -3/48 HPs)
             Began as a Formicid Skald on Jan 15, 2018.
             Slain by an ogre
             ... wielding a +0 giant spiked club
              (26 damage)
             ... on level 4 of the Dungeon.
             The game lasted 00:08:19 (4632 turns).

Jannitor the Poker (Formicid Skald)                 Turns: 4632, Time: 00:08:20

Health: -3/48      AC:  3    Str: 17    XL:     6   Next: 71%
Magic:  1/9        EV: 11    Int: 13    God:
Gold:   279        SH:  0    Dex: 10    Spells: 1/9 levels left

rFire    . . .     SeeInvis +   a - +0 spear
rCold    . . .     Gourm    .   (no shield)
rNeg     . . .     Faith    .   b - +0 leather armour
rPois    .         Spirit   .   (helmet unavailable)
rElec    .         Reflect  .   (no cloak)
rCorr    .         Harm     .   (no gloves)
MR       .....                  (no boots)
Stlth    +.........             (no amulet)
HPRegen  1.16/turn              (no ring)
MPRegen  0.11/turn              (no ring)

@: infused (expiring), singing, regenerating (expiring)
A: permanent stasis, dig shafts and tunnels, four strong arms, antennae 3
a: Dig, Shaft Self


You were on level 4 of the Dungeon.
You were not hungry.

You visited 1 branch of the dungeon, and saw 4 of its levels.

You collected 279 gold pieces.

Inventory:

Hand Weapons
 a - a +0 spear (weapon)
Armour
 b - a +0 leather armour (worn)
Jewellery
 s - a cursed ring of teleportation {unknown}
 v - a cursed amulet of the gourmand {unknown}
Scrolls
 e - 8 scrolls of identify {unknown}
 f - 2 scrolls of random uselessness {unknown}
 j - 4 scrolls of magic mapping {unknown}
 m - 2 scrolls of blinking {unknown}
 n - a scroll of remove curse {unknown}
 o - a scroll of enchant armour {unknown}
 t - a scroll of amnesia {unknown}
Potions
 g - 2 potions of flight {unknown}
 h - a potion of cancellation {unknown}
 i - a potion of agility {unknown}
 k - a potion of brilliance {unknown}
 l - a potion of degeneration {unknown}
 p - a potion of ambrosia {unknown}
 q - a potion of might {unknown}
 r - a potion of berserk rage {unknown}
Books
 c - a book of Battle

   Spells                             Type                      Level
   a - Infusion                       Charms                       1
   b - Shroud of Golubria             Charms/Translocation         2
   c - Song of Slaying                Charms                       2
   d - Spectral Weapon                Hexes/Charms                 3
   e - Regeneration                   Charms/Necromancy            3
Comestibles
 d - 6 rations
 u - 6 chunks of flesh


   Skills:
 + Level 4.2 Fighting
 * Level 4.5 Polearms
 - Level 1.1 Armour
 - Level 1.7 Dodging
 - Level 2.1 Spellcasting
 + Level 4.4 Charms


You had one spell level left.
You knew the following spells:

 Your Spells              Type           Power        Failure   Level  Hunger
a - Infusion              Chrm           ##..         4%          1    ##.....
b - Song of Slaying       Chrm           ##......     7%          2    ###....
c - Regeneration          Chrm/Necr      #.........   34%         3    ####...
d - Shroud of Golubria    Chrm/Tloc      #.........   19%         2    ###....


Dungeon Overview and Level Annotations

Branches:
Dungeon (4/15)
 Temple: D:4-7

Altars:

Annotations:
D:3 1 runed door


Innate Abilities, Weirdness & Mutations

You cannot be hasted, slowed, berserked, paralysed or teleported.
You can dig through walls and to a lower floor.
Your four strong arms can wield two-handed weapons with a shield.
You have a pair of large antennae on your head. (SInv)


Message History

You miss the goblin. The goblin hits you with a dagger.
Unknown command.
Casting: Infusion
Confirm with . or Enter, or press ? or * to list all spells.
Okay, then.
Unknown command.
Casting: Infusion
Confirm with . or Enter, or press ? or * to list all spells.
Your skin crawls.
The goblin hits you with a dagger.
Unknown command.
You hit the goblin.
You kill the goblin!
Your magical infusion is running out.
Unknown command.
You hit the ogre!
The ogre is moderately wounded.
Your skin is crawling a little less now.
The ogre hits you with a giant spiked club!!
Ouch! That really hurt!
You die...

### #. #.. #.#
#.# #.# #.# #.#
#### .. #.#
##.## gg.# #.#
#.#
#.###...###gg.+
#.# #.#
#........@Ogg.#
... #..
####...#######
#.# #.. ##.##
#.# #.# #.#
##.######.# #.#
#.........#
##'##
#..#####..#
##...## #..#
#..# ##.....##
#..### #...
#.......##
##....# #.##


You could see an ogre and 5 goblins.

Vanquished Creatures
  3 orc wizards
  An orc priest (D:2)
  Ijyb (D:2)
  Natasha (D:4)
  7 adders
  2 worms
  A dart slug (D:2)
  4 leopard geckos
  4 orcs
  A ball python (D:2)
  5 giant cockroaches
  10 goblins
  6 hobgoblins
  3 quokkas
  5 bats
  2 frilled lizards
  8 kobolds
  9 rats
73 creatures vanquished.

Notes
Turn   | Place    | Note
-------+----------+-------------------------------------------
     0 | D:1      | Jannitor the Formicid Skald began the quest for the Orb.
     0 | D:1      | Reached XP level 1. HP: 16/16 MP: 3/3
   387 | D:1      | Reached XP level 2. HP: 23/23 MP: 0/5
   866 | D:2      | Reached XP level 3. HP: 22/28 MP: 2/6
   872 | D:2      | Learned a level 2 spell: Song of Slaying
  1075 | D:2      | Learned a level 3 spell: Regeneration
  1181 | D:2      | Reached XP level 4. HP: 34/35 MP: 3/7
  1973 | D:2      | Reached XP level 5. HP: 26/41 MP: 2/8
  2246 | D:3      | Noticed Ijyb
  2516 | D:2      | Killed Ijyb
  2966 | D:3      | Reached XP level 6. HP: 25/48 MP: 2/9
  3894 | D:3      | Found a runed door.
  4258 | D:4      | Learned a level 2 spell: Shroud of Golubria
  4275 | D:4      | Noticed Natasha
  4283 | D:4      | Killed Natasha
  4625 | D:4      | Noticed an ogre
  4632 | D:4      | Slain by an ogre

Skill      XL: |  1  2  3  4  5  6 |
---------------+-------------------+-----
Fighting       | 3 4 |  4.2
Polearms       | 3 4 |  4.5
Charms         | 4 |  4.4
Armour         | |  1.1
Dodging        | |  1.7
Spellcasting   | |  2.1

Action                   |  1- 3 |  4- 6 || total
-------------------------+-------+-------++-------
Melee: Spear             |    71 |   279 ||   350
 Cast: Infusion          |     9 |    22 ||    31
       Song of Slaying   |       |     9 ||     9
       Shroud of Golubri |       |     2 ||     2
       Regeneration      |       |     1 ||     1
 Abil: Dig               |       |     1 ||     1
  Use: Potion            |       |     1 ||     1
 Stab: Distracted        |       |     1 ||     1
  Eat: Chunk             |     1 |     9 ||    10
       Ration            |       |     1 ||     1
Armor: Leather armour    |    12 |    49 ||    61
       Skin              |       |    19 ||    19
Dodge: Dodged            |    37 |   118 ||   155
